AoeStats
← AndreTheGiant34

Arena

510465317Analyzed
2v2 RM · 4h ago on Oct 1, 2026· 34m 26s· 4 players
Game mode
Random Map
Map size
Medium (4 player)
Population
200
Speed
Normal
Resources
Standard
Victory
Conquest
Starting age
Dark Age
Ending age
Imperial Age
RankedLock teamsTeams togetherTeam positionsShared explorationLock speedFull tech treeHidden civsTurbo modeCheats
Victory
Defeat
🇨🇱 Turks · Chile
838
+12
🇨🇱 Persians · Chile
761
+14
🇺🇸 Ethiopians · United States
744
-13
🇺🇸 Bohemians · United States
744
-13
AndreTheGiant34
11:25 Feudal Age
15:25 Castle Age
14:02 Horse Collar
15:21 Double-Bit Axe
16:47 Wheelbarrow
17:53 Fletching
19:09 Padded Archer Armor
23:28 Loom
24:19 Bodkin Arrow
28:30 Ballistics
28:38 Bow Saw
28:38 Squires
30:11 Crossbowman
31:37 Leather Archer Armor
32:26 Fortified Wall
32:48 Scale Mail Armor
bt.wall.20
11:11 Feudal Age
11:41 Loom
16:08 Castle Age
14:33 Double-Bit Axe
14:38 Horse Collar
18:13 Fervor
18:44 Bow Saw
20:06 Heavy Plow
26:13 Imperial Age
26:00 Chemistry
26:18 Pikeman
26:59 Squires
28:47 Wheelbarrow
29:03 Conscription
29:50 Scale Mail Armor
30:18 Siege Engineers
30:16 Padded Archer Armor
31:22 Hand Cart
31:05 Halberdier
31:21 Elite Skirmisher
33:25 Wagenburg Tactics
33:34 Masonry
33:37 Husbandry
33:00 Light Cavalry
Biack Spawn
11:16 Feudal Age
15:16 Castle Age
14:25 Horse Collar
14:35 Double-Bit Axe
18:03 Wheelbarrow
17:14 Loom
22:20 Hand Cart
27:43 Imperial Age
25:46 Town Watch
26:37 Bloodlines
26:37 Gold Mining
27:26 Padded Archer Armor
27:16 Fletching
28:00 Bow Saw
27:54 Heavy Plow
28:51 Town Patrol
29:22 Forging
30:47 Scale Barding Armor
31:18 Iron Casting
31:34 Bodkin Arrow
31:55 Leather Archer Armor
32:17 Thumb Ring
32:55 Ballistics
32:39 Treadmill Crane
33:45 Conscription
34:38 Ring Archer Armor
34:04 Bodkin Arrow
34:40 Bombard Tower
Chaaloo18
11:35 Feudal Age
12:20 Loom
14:05 Double-Bit Axe
14:03 Horse Collar
14:17 Gold Mining
18:17 Castle Age
17:46 Stone Mining
19:25 Wheelbarrow
19:36 Heavy Plow
20:07 Bow Saw
26:50 Gold Shaft Mining
26:50 Stone Shaft Mining
26:25 Scale Barding Armor
27:39 Masonry
28:06 Caravan
33:05 Imperial Age
31:09 Ballistics
30:46 Murder Holes
30:42 Guard Tower
31:17 Chain Barding Armor
31:08 Forging
31:02 Kamandaran
32:43 Hand Cart
32:32 Husbandry
32:44 Bloodlines
33:06 Cavalier
35:23 Plate Barding Armor
Connection lost

Rejoining the realm…

Still unreachable

The connection could not be restored.

Session expired

The server has moved on; the page needs a fresh start.